AoeStats
← Groove8733

Arabian Desert

510065912Analyzed
1v1 RM · 2d ago on Sep 29, 2026· 40m 56s· 2 players
Game mode
Random Map
Map size
Tiny (2 player)
Population
200
Speed
Normal
Resources
Standard
Victory
Conquest
Starting age
Dark Age
Ending age
Imperial Age
RankedLock teamsTeams togetherTeam positionsShared explorationLock speedFull tech treeHidden civsTurbo modeCheats
Victory
Defeat
🇭🇷 Britons · Croatia
680
+16
🇦🇺 Bohemians · Australia
683
-34
Your Mama
10:18 Feudal Age
18:43 Castle Age
16:34 Double-Bit Axe
18:14 Fletching
21:24 Horse Collar
22:27 Forging
23:15 Crossbowman
25:33 Elite Skirmisher
27:36 Stone Mining
27:59 Gold Mining
29:20 Gold Shaft Mining
30:43 Pikeman
32:24 Padded Archer Armor
32:53 Bow Saw
34:15 Squires
35:19 Heavy Plow
36:43 Wheelbarrow
40:06 Husbandry
Groove8733
3:31 Loom
10:17 Feudal Age
13:23 Double-Bit Axe
15:42 Wheelbarrow
22:31 Castle Age
24:15 Castle Age
22:45 Padded Archer Armor
22:36 Fletching
24:28 Crossbowman
30:05 Scale Barding Armor
33:14 Horse Collar
43:36 Imperial Age
Connection lost

Rejoining the realm…

Still unreachable

The connection could not be restored.

Session expired

The server has moved on; the page needs a fresh start.